 Dungeon Crawl Stone Soup version 0.28-a0-1387-g3a22ab9bdc (webtiles) character file.

Game seed: 18074990227490809006

44 Deminshera the Sneak (level 3, -1/18 HPs)
             Began as a Vine Stalker Brigand on Jan 2, 2022.
             Slain by a gnoll (3 damage)
             ... on level 1 of the Dungeon.
             The game lasted 00:01:12 (1429 turns).

Deminshera the Sneak (Vine Stalker Brigand)         Turns: 1429, Time: 00:01:12

Health: -1/18      AC:  3    Str: 13    XL:     3   Next: 62%
Magic:  0/4        EV: 12    Int: 11    God:
Gold:   46         SH:  0    Dex: 17    Spells: 2/2 levels left

rFire   . . .      SeeInvis .   a - +2 dagger
rCold   . . .      Faith    .   (no shield)
rNeg    . . .      Spirit   +   b - +0 robe
rPois   .          Reflect  .   (no helmet)
rElec   .          Harm     .   c - +0 cloak
rCorr   .          Rampage  .   (no gloves)
Will    .....                   (no boots)
Stlth   +++.......              (no amulet)
HPRegen 0.06/turn               (no ring)
MPRegen 0.09/turn               (no ring)

@: no status effects
A: fangs 2, magic shield, antimagic bite, no potion heal 2
a: no special abilities


You were on level 1 of the Dungeon.
You visited 1 branch of the dungeon, and saw 2 of its levels.

You collected 46 gold pieces.

Inventory:

Hand Weapons
 a - a +2 dagger (weapon)
 h - a +1 dagger of holy wrath
Missiles
 d - 11 poisoned darts (quivered)
 e - 2 curare-tipped darts
Armour
 b - a +0 robe (worn)
 c - a +0 cloak (worn)
Scrolls
 f - a scroll of blinking {unknown}
Potions
 g - a potion of curing {unknown}
 i - a potion of magic {unknown}


   Skills:
 + Level 2.2 Fighting
 + Level 2.2 Short Blades
 + Level 2.2 Throwing
 + Level 1.3 Dodging
 + Level 5.2 Stealth


You had 2 spell levels left.
You didn't know any spells.
Your spell library was empty.

Dungeon Overview and Level Annotations

Branches:
Dungeon (2/15)

Altars:


Innate Abilities, Weirdness & Mutations

You have extremely sharp teeth.
When hurt, damage is shared between your health and your magic reserves.
Your bite disrupts and absorbs the magic of your enemies.
Potions cannot restore your health.


Message History

You start resting.
HP restored.
You climb downwards.
The gnoll closely misses you. The gnoll hits you with a +0 flail!
Ouch! That really hurt!
There is a stone staircase leading up, spattered with blood here.
The gnoll closely misses you.
You climb upwards.
There is a stone staircase leading down here.
You are too injured to fight recklessly!
You are too injured to fight recklessly!
You are too injured to fight recklessly!
The gnoll closely misses you.
Throw: 11 darts (poison)
Press: ? - help, Q - select action, (/) - cycle Shift-Dir - straight line, f - gnoll
Aim: a gnoll, wielding a +0 flail (65% to hit)
You throw a poisoned dart. The poisoned dart hits the gnoll.
The gnoll is poisoned.
The gnoll hits you with a +0 flail.
* * * LOW HITPOINT WARNING * * *
The gnoll looks more healthy.
You hit the gnoll.
The gnoll is almost dead.
The gnoll hits you with a +0 flail.
* * * LOW HITPOINT WARNING * * *
You hit the gnoll.
You kill the gnoll!
You see here a +0 flail.
d - 11 poisoned darts (gained 1)
There is a stone staircase leading down here.
You start resting.
Magic restored.
You climb downwards.
The gnoll barely misses you.
There is a stone staircase leading up, spattered with blood here.
The gnoll hits you with a +0 whip.
* * * LOW HITPOINT WARNING * * *
You climb upwards.
There is a stone staircase leading down here.
The gnoll hits you with a +0 whip.
You die...

#........†#
#.#######.# #.# #.#
#.#######.#
#......##.#
######.##.# #.##.#
##############.##g#
................@>#
##############.####
#.# #.# #.# #.# #.#
#.# #.#


You could see a gnoll.

Vanquished Creatures
  2 gnolls (D:1)
  A dart slug (D:1)
  An endoplasm (D:1)
  2 giant cockroaches (D:1)
  3 hobgoblins (D:1)
  4 jackals (D:1)
  A quokka (D:1)
  A ball python (D:1)
  4 bats (D:1)
  4 kobolds (D:1)
  A rat (D:1)
24 creatures vanquished.

Notes
Turn   | Place    | Note
-------+----------+-------------------------------------------
     0 | D:1      | Deminshera the Vine Stalker Brigand began the quest for the
                  | Orb.
     0 | D:1      | Reached XP level 1. HP: 11/11 MP: 2/2
   277 | D:1      | Reached skill level 1 in Dodging
   277 | D:1      | Reached XP level 2. HP: 15/15 MP: 3/3
   281 | D:1      | Reached skill level 5 in Stealth
   845 | D:1      | Reached XP level 3. HP: 18/18 MP: 4/4
   942 | D:1      | Found a faded altar of an unknown god.
  1429 | D:1      | Slain by a gnoll

Illustrated notes

Levels and vault maps discovered:
D:1:      matt_arrival_grand_opening, layout_basic,
          hellmonk_ecumenical_altar_inner_sanctum, corexii_leaking_fountain,
          minmay_surrounded
D:2:      kennysheep_the_goblin_king, layout_basic, skrybe_limestone_x

Skill      XL: |  1  2 |
---------------+-------+-----
Dodging        | 1 |  1.3
Stealth        | 5 |  5.2
Fighting       | 2 |  2.2
Short Blades   | 2 |  2.2
Throwing       | 2 |  2.2

Action                   || total
-------------------------++-------
Melee: Dagger            ||    66
       Bite              ||    14
Throw: Dart              ||     7
 Stab: Sleeping          ||     7
Armor: Robe              ||    13
Dodge: Dodged            ||    38

Table legend: (Time is in decaauts)
 A = Elapsed time spent in this place.
 B = Non-inter-level travel time spent in this place.
 C = Inter-level travel time spent in this place.
 D = Time resting spent in this place.
 E = Time spent auto-exploring this place.
 F = Levels seen in this place.
 G = Mean time per level.
                   A        B        C        D        E       F      G
               +--------+--------+--------+--------+--------+-----+--------+
         Total |   1424 |   1377 |     47 |    325 |    806 |   2 |  712.0 |
       Dungeon |   1424 |   1377 |     47 |    325 |    806 |   2 |  712.0 |
               +--------+--------+--------+--------+--------+-----+--------+

Top non-repeatable levels by time:
     D:1: 1377 daAuts
     D:2: 46 daAuts
